 Dungeon Crawl Stone Soup version 0.28-a0-987-g8383568036 (webtiles) character file.

Game seed: 9602472264412675301

0 Gargoyl the Skirmisher (level 1, -2/23 HPs)
             Began as a Gnoll Abyssal Knight on Dec 4, 2021.
             Was a Follower of Lugonu.
             Killed from afar by a raiju (23 damage)
             ... with a living lightning
             ... on level 1 of the Abyss.
             The game lasted 00:00:16 (128 turns).

Gargoyl the Skirmisher (Gnoll Abyssal Knight)        Turns: 128, Time: 00:00:17

Health: -2/23      AC:  4    Str: 12    XL:     1   Next: 0%
Magic:  3/3        EV: 12    Int:  9    God:    Lugonu [*.....]
Gold:   0          SH:  0    Dex: 12    Spells: 0/0 levels left

rFire   . . .      SeeInvis .   a - +1 hand axe
rCold   . . .      Faith    .   (no shield)
rNeg    . . .      Spirit   .   b - +1 leather armour
rPois   .          Reflect  .   (no helmet)
rElec   .          Harm     .   (no cloak)
rCorr   .          Rampage  .   (no gloves)
Will    .....                   (no boots)
Stlth   +.........              (no amulet)
HPRegen 0.00/turn               (no ring)
MPRegen 0.08/turn               (no ring)

@: sick
A: fangs 1, strong nose, distributed training
a: Renounce Religion, Depart the Abyss


You were on level 1 of the Abyss.
You worshipped Lugonu.
Lugonu was aware of your devotion.
You visited 0 branches of the dungeon, and saw 0 of its levels.
You visited the Abyss 1 time.

Inventory:

Hand Weapons
 a - a +1 hand axe (weapon)
Armour
 b - a +1 leather armour (worn)


   Skills:
 + Level 6.4 Fighting
 + Level 0.0 Short Blades
 + Level 0.0 Long Blades
 + Level 4.4 Axes
 + Level 0.0 Maces & Flails
 + Level 0.0 Polearms
 + Level 0.0 Staves
 + Level 0.0 Slings
 + Level 0.0 Bows
 + Level 0.0 Crossbows
 + Level 0.0 Throwing
 + Level 4.4 Armour
 + Level 2.3 Dodging
 + Level 0.0 Stealth
 + Level 0.0 Shields
 + Level 0.0 Unarmed Combat
 + Level 0.0 Spellcasting
 + Level 0.0 Conjurations
 + Level 0.0 Hexes
 + Level 0.0 Summonings
 + Level 0.0 Necromancy
 + Level 0.0 Translocations
 + Level 0.0 Transmutations
 + Level 0.0 Fire Magic
 + Level 0.0 Ice Magic
 + Level 0.0 Air Magic
 + Level 0.0 Earth Magic
 + Level 0.0 Poison Magic
 + Level 4.4 Invocations
 + Level 0.0 Evocations


You couldn't memorise any spells.
You didn't know any spells.
Your spell library was empty.

Dungeon Overview and Level Annotations

Branches:
Dungeon (0/15)

Altars:


Innate Abilities, Weirdness & Mutations

You have very sharp teeth.
Your uncanny sense of smell can sniff out nearby items.
Your experience applies equally to all skills.


Message History

Welcome, Gargoyl the Gnoll Abyssal Knight.
It is said that the Orb of Zot exists deep within this dungeon.
Lugonu says: Depart the Abyss and spread corruption, my servant! (use the ability menu to exit the Abyss) Press ? for a list of commands and other information.
Found a scroll labelled CETTUM KERROU.
Found a corrupted altar of Lugonu.
Unknown command.
Press < or > to pray at altars.
c - a scroll labelled CETTUM KERROU
There is a corrupted altar of Lugonu here.
Unknown command.
Press < or > to pray at altars.
As you read the scroll labelled CETTUM KERROU, it crumbles to dust.
It is a scroll of enchant armour.
Your +0 leather armour glows green for a moment.
There is a corrupted altar of Lugonu here.
Found a ring mail and a leather armour.
Key pressed, stopping explore.
Found a gateway leading out of the Abyss.
You see here a +0 ring mail.
Key pressed, stopping explore.
You enter the shallow water.
Moving in this stuff is going to be slow.
A small abomination comes into view.
A small abomination is nearby!
A small abomination is nearby!
Tentacles burst from the starspawn's body! 2 starspawn tentacles come into view.
The starspawn tentacle grabs you. The starspawn tentacle constricts you.
You escape the starspawn tentacle's grasp.
An ancient zyme and a large abomination come into view.
You feel yourself growing ill in the presence of the ancient zyme.
Found 5 gold pieces.
You feel ill.
You feel ill.
The raiju bursts into living lightning!
The living lightning hits you!!
Ouch! That really hurt!
You die...

....... .#...#
..........#..
..............
$.............
..........#.. ......
#....#
......##....###.##
.........x@......#
............##.###
.......X..#......#
.........h#....#.# #
..........#...#..# .
..............#....#
......##...#.#..##.# .
...... #....##..#..###
.
...........#..###....#
#.


You could see an ancient zyme, a large abomination and a raiju.

Vanquished Creatures (others)
  4 starspawn tentacles (Abyss:1)
4 creatures vanquished.

Notes
Turn   | Place    | Note
-------+----------+-------------------------------------------
     0 | Abyss:1  | Gargoyl the Gnoll Abyssal Knight began the quest for the
                  | Orb.
     0 | Abyss:1  | Reached XP level 1. HP: 23/23 MP: 3/3
   109 | Abyss:1  | Noticed a small abomination
   117 | Abyss:1  | Noticed a raiju
   117 | Abyss:1  | Noticed a tentacled starspawn
   123 | Abyss:1  | Noticed a large abomination
   123 | Abyss:1  | Noticed an ancient zyme
   128 | Abyss:1  | Killed from afar by a raiju

Illustrated notes

Levels and vault maps discovered:
Abyss:1:  base: Temple, base:
Temple

Action                   || total
-------------------------++-------
  Use: Scroll            ||     1

Table legend: (Time is in decaauts)
 A = Elapsed time spent in this place.
 B = Non-inter-level travel time spent in this place.
 C = Inter-level travel time spent in this place.
 D = Time resting spent in this place.
 E = Time spent auto-exploring this place.
 F = Levels seen in this place.
 G = Mean time per level.
                   A        B        C        D        E       F      G
               +--------+--------+--------+--------+--------+-----+--------+
         Total |    129 |    129 |      0 |      0 |    106 |   1 |  129.0 |
         Abyss |    129 |    129 |      0 |      0 |    106 |   1 |  129.0 |
               +--------+--------+--------+--------+--------+-----+--------+

Top non-repeatable levels by time:
 Abyss:1: 129 daAuts
